cohdb
Replays
Latest Replays
All Replays
Popular Replays
Top Player Replays
Match Explorer
How It Works
Community
CoH3 Stats
Reddit
Sign in to upload your games and track your stats! →
Sign in with Steam
Match 42393904
Unlisted
Match 42393904
Overview
Messages
Build Orders
End
Kradschützen Motorcycle Team
Selects Panzerjäger Kommand Battlegroup
Selects Mine Fields
Panzerpioneer Squad
Panzergrenadier Squad
Panzergrenadier Squad
Construct Light Support Kompanie
Fire Support Elements
Flakvierling Half-track
2.5-tonne Medical Truck
Panzerjäger Mechanized Group
Selects Tank Busters
Vehicle Survival Package
Veteran Squad Leaders
Construct Panzerarmee Kommand
Selects Crew Shock Tactics
Selects Defensive Positions
Armored Reserves
DragonNeko
Valdai
Sailor
Dahlian
Bish Bash Bosh
Turtleboy
0
0
Comments
sign in to comment!
No comments posted yet!